 Dungeon Crawl Stone Soup version 0.20.1-1-g8b1a95d (webtiles) character file.

2429 mimicry the Conjurer (level 9, -13/71 HPs)
             Began as a Yellow Draconian Conjurer on July 17, 2017.
             Was a Follower of Cheibriados.
             Mangled by a two-headed ogre
             ... wielding a +0 giant spiked club
              (19 damage)
             ... on level 6 of the Dungeon.
             The game lasted 00:26:01 (8531 turns).

mimicry the Conjurer (Yellow Draconian Conjurer)    Turns: 8531, Time: 00:26:02

Health: -13/71     AC: 15    Str: 14    XL:     9   Next: 24%
Magic:  1/18       EV: 14    Int: 22    God:    Cheibriados [*.....]
Gold:   213        SH:  2    Dex: 14    Spells: 8/20 levels left

rFire    . . .     SeeInvis .   w - +2 falchion (slice)
rCold    . . .     Gourm    .   (no shield)
rNeg     . . .     Faith    .   (armour unavailable)
rPois    .         Spirit   .   (helmet restricted)
rElec    .         Reflect  +   z - +0 cloak
rCorr    +         Harm     .   s - +2 pair of gloves
MR       +....                  m - +0 pair of boots
Stlth    +++.......             d - +2 amulet of reflection
Regen    0.3/turn               l - ring of protection from magic
MPRegen  0.2/turn               u - +3 ring of protection

@: very slow
A: spit acid, acid resistance, unfitting armour, cold-blooded, AC +7
a: Breathe Acid, Bend Time, Renounce Religion


You were on level 6 of the Dungeon.
You worshipped Cheibriados.
Cheibriados was aware of your devotion.
You were not hungry.

You visited 2 branches of the dungeon, and saw 7 of its levels.

You collected 213 gold pieces.

Inventory:

Hand Weapons
 e - a +1 dagger of holy wrath
 f - a +4 short sword
 q - a -3 great sword
 w - a +2 falchion of slicing (weapon)
 x - a -3 dagger
 F - a +1 whip of draining
Missiles
 j - 5 needles of frenzy
 o - 8 tomahawks (quivered)
Armour
 m - a +0 pair of boots (worn)
 s - a +2 pair of gloves (worn)
 z - a +0 cloak (worn)
Jewellery
 d - a +2 amulet of reflection (around neck)
 l - a ring of protection from magic (left hand)
 u - a +3 ring of protection (right hand)
 E - an uncursed amulet of rage
Wands
 n - a wand of random effects (20/48)
 y - a wand of lightning (10/15)
 D - a wand of flame (21/48)
Scrolls
 g - a scroll of enchant weapon
 h - a scroll of fear
 k - a scroll of blinking
 t - 3 scrolls of teleportation
 B - a scroll of remove curse
Potions
 p - 2 potions of heal wounds
 v - a potion of curing
 G - a potion of brilliance
Books
 a - a book of Conjurations

   Spells                             Type                      Level
   a - Magic Dart                     Conjuration                  1
   b - Searing Ray                    Conjuration                  2
   c - Dazzling Spray                 Conjuration/Hexes            3
   d - Fulminant Prism                Conjuration/Hexes            4
   e - Force Lance                    Conjuration/Translocation    4
   f - Iskenderun's Mystic Blast      Conjuration                  4
 H - a book of Cantrips

   Spells                             Type                      Level
   a - Confusing Touch                Hexes                        1
   b - Animate Skeleton               Necromancy                   1
   c - Summon Small Mammal            Summoning                    1
   d - Apportation                    Translocation                1
Comestibles
 b - 4 bread rations
 c - 2 meat rations
 i - 4 royal jellies
 r - a chunk of flesh
 A - 2 fruits


   Skills:
 + Level 3.7 Fighting
 + Level 6.0 Long Blades
 + Level 4.5 Dodging
 + Level 3.9 Stealth
 + Level 0.8 Unarmed Combat
 + Level 6.0 Spellcasting
 + Level 6.6 Conjurations


You had 8 spell levels left.
You knew the following spells:

 Your Spells              Type           Power        Failure   Level  Hunger
a - Magic Dart            Conj           ####         1%          1    None
b - Searing Ray           Conj           #####.       1%          2    None
c - Apportation           Tloc           #.....       9%          1    None
d - Force Lance           Conj/Tloc      ###.....     22%         4    ###....
e - Fulminant Prism       Conj/Hex       ###.......   22%         4    ###....


Dungeon Overview and Level Annotations

Branches:
Dungeon (6/15)             Temple (1/1) D:5

Altars:
Ashenzari
Cheibriados
Kikubaaqudgha
Nemelex Xobeh
Okawaru
Ru
Sif Muna
Trog
Yredelemnul


Innate Abilities, Weirdness & Mutations

You can spit globs of acid.
You are resistant to acid.
Your golden yellow scales are hard. (AC +7)
You cannot fit into any form of body armour.
You are cold-blooded and may be slowed by cold attacks.


Message History

You hit the two-headed ogre. You tail-slap the two-headed ogre.
The two-headed ogre is almost dead.
The two-headed ogre hits you with a giant spiked club!!
* * * LOW HITPOINT WARNING * * *
The two-headed ogre misses you.
Casting: Force Lance
Confirm with . or Enter, or press ? or * to list all spells.
Aiming: Searing Ray
Press: ? - help, Shift-Dir - straight line, f/p - two-headed ogre
Aim: a two-headed ogre, wielding two giant spiked clubs (almost dead)
The searing ray hits the two-headed ogre.
The two-headed ogre is almost dead. (Press . to maintain the ray.)
The two-headed ogre hits you with a giant spiked club!
* * * LOW HITPOINT WARNING * * *
The two-headed ogre misses you.
The searing ray hits the two-headed ogre.
The two-headed ogre is almost dead.
The two-headed ogre hits you with a giant spiked club!!
You die...

#####.# #.########
#.#######.#<...(..
#####..........######
....................#
#############..#%...#
.....#....# ####
#####.##.### ...##
.........# .....
#..#.#@.# .....
#..#.#O.# .....
#..#.#..###.#.##
##.##
#..#............ #.#
#####..#########....
#.# #...#...... .
##.####...#..#.#####
....................
##.########.[..#..


You could see a two-headed ogre.

Vanquished Creatures
  The ghost of Rhok the Cleaver, an amateur MiFi of Makhleb (D:5)
  Grinder (D:3)
  Prince Ribbit (D:5)
  A hippogriff (D:5)
  Sigmund (D:4)
  2 phantoms
  An orc warrior (D:6)
  2 sky beasts
  An ice beast (D:5)
  2 scorpions
  A crimson imp (D:4)
  A bullfrog skeleton (D:6)
  A bullfrog zombie (D:6)
  2 hounds
  3 jellies
  2 gnoll shamans
  2 orc priests (D:3)
  A centaur skeleton (D:4)
  Jessica (D:3)
  Terence (D:3)
  3 orc wizards
  4 worker ants
  A hound skeleton (D:5)
  8 gnolls
  6 adders
  4 worms
  3 dart slugs
  4 leopard geckos
  16 orcs
  2 giant cockroaches
  A goblin (D:2)
  11 hobgoblins
  7 jackals
  A quokka (D:4)
  9 bats
  6 frilled lizards
  A giant cockroach zombie (D:5)
  2 jackal skeletons
  2 kobolds (D:3)
  11 rats
130 creatures vanquished.

Notes
Turn   | Place    | Note
-------+----------+-------------------------------------------
     0 | D:1      | mimicry the Draconian Conjurer began the quest for the Orb.
     0 | D:1      | Reached XP level 1. HP: 14/14 MP: 3/3
     2 | D:1      | Noticed a spriggan
     2 | D:1      | Noticed a formicid
     4 | D:1      | Noticed a merfolk
     4 | D:1      | Noticed an octopode
     6 | D:1      | Noticed a draconian
     6 | D:1      | Noticed a ghoul
     8 | D:1      | Noticed an ogre
    11 | D:1      | Noticed a troll
    13 | D:1      | Noticed a demigod
    13 | D:1      | Noticed a gargoyle
    15 | D:1      | Noticed a felid
    17 | D:1      | Noticed a demonspawn
    17 | D:1      | Noticed a tengu
    19 | D:1      | Noticed a naga
    19 | D:1      | Noticed a centaur
    21 | D:1      | Noticed an elf
    21 | D:1      | Noticed a vampire
    23 | D:1      | Noticed a halfling
    25 | D:1      | Noticed a human
    25 | D:1      | Noticed a dwarf
    27 | D:1      | Noticed a minotaur
    27 | D:1      | Noticed a vine stalker
   432 | D:1      | Reached XP level 2. HP: 20/20 MP: 0/5
   824 | D:1      | Learned a level 2 spell: Searing Ray
  1890 | D:2      | Found a shattered altar of Ashenzari.
  1890 | D:2      | Found a deep blue altar of Sif Muna.
  1926 | D:2      | Reached XP level 3. HP: 26/26 MP: 3/6
  2163 | D:2      | Found an iron altar of Okawaru.
  2673 | D:2      | Reached XP level 4. HP: 26/33 MP: 4/8
  3290 | D:3      | Noticed Grinder
  3298 | D:3      | Paralysed by Grinder for 5 turns
  3326 | D:4      | Found a sparkling altar of Nemelex Xobeh.
  3617 | D:4      | Reached skill level 1 in Long Blades
  3629 | D:4      | Reached skill level 5 in Conjurations
  3629 | D:4      | Reached XP level 5. HP: 30/39 MP: 1/9
  3873 | D:3      | Killed Grinder
  3873 | D:3      | Reached skill level 1 in Fighting
  3873 | D:3      | Reached XP level 6. HP: 29/48 MP: 4/11
  4078 | D:3      | Your scales start taking on a golden yellow colour.
  4078 | D:3      | Reached XP level 7. HP: 31/53 MP: 0/12
  4449 | D:3      | Noticed Terence
  4449 | D:3      | Noticed Jessica
  4460 | D:3      | Killed Terence
  4504 | D:3      | Killed Jessica
  5479 | D:4      | Found an ancient bone altar of Kikubaaqudgha.
  5734 | D:4      | Noticed Sigmund
  5744 | D:4      | Killed Sigmund
  5744 | D:4      | Reached XP level 8. HP: 54/62 MP: 4/14
  5897 | D:4      | Found a basalt altar of Yredelemnul.
  5965 | D:5      | Entered Level 5 of the Dungeon
  5967 | D:5      | Found a staircase to the Ecumenical Temple.
  5975 | Temple   | Entered the Ecumenical Temple
  5985 | Temple   | Became a worshipper of Cheibriados the Contemplative
  6212 | D:5      | Noticed Prince Ribbit
  6220 | D:5      | Killed Prince Ribbit
  6505 | D:5      | Reached skill level 5 in Long Blades
  6623 | D:5      | Noticed a hippogriff
  6632 | D:5      | Killed a hippogriff
  6632 | D:5      | Reached skill level 5 in Spellcasting
  6647 | D:5      | Noticed Rhok's ghost (amateur MiFi)
  6672 | D:5      | Killed Rhok's ghost
  7566 | D:6      | Reached * piety under Cheibriados
  7630 | D:6      | Reached XP level 9. HP: 70/70 MP: 9/17
  8350 | D:6      | Learned a level 1 spell: Apportation
  8355 | D:6      | Learned a level 4 spell: Force Lance
  8360 | D:6      | Learned a level 4 spell: Fulminant Prism
  8516 | D:6      | Noticed a two-headed ogre
  8531 | D:6      | Mangled by a two-headed ogre

Skill      XL: |  1  2  3  4  5  6  7  8  9 |
---------------+----------------------------+-----
Stealth        | 2 3 |  3.9
Dodging        | 2 3 4 |  4.5
Spellcasting   | 3 4 5 6 |  6.0
Long Blades    | 1 2 3 4 5 6 |  6.0
Conjurations   | 5 6 |  6.6
Fighting       | 1 2 3 |  3.7
Unarmed Combat | |  0.8

Action                   |  1- 3 |  4- 6 |  7- 9 || total
-------------------------+-------+-------+-------++-------
Melee: Unarmed           |    13 |       |       ||    13
       Tailslap          |     1 |     3 |    12 ||    16
       Great sword       |     1 |    22 |       ||    23
       Falchion          |       |    12 |    42 ||    54
 Cast: Magic Dart        |    83 |     3 |     9 ||    95
       Searing Ray       |     5 |    20 |    75 ||   100
       Force Lance       |       |       |     6 ||     6
 Abil: Breathe Acid      |       |       |     2 ||     2
  Use: Potion            |       |     5 |     7 ||    12
       Scroll            |       |     3 |    16 ||    19
  Eat: Chunk             |     7 |     5 |     7 ||    19
       Meat ration       |       |       |     1 ||     1
       Royal jelly       |       |       |     1 ||     1
       Fruit             |       |       |     1 ||     1
Armor: Skin              |    18 |    17 |    39 ||    74
Dodge: Dodged            |    21 |    28 |    79 ||   128
Block: Other             |     2 |     2 |     5 ||     9
       Rpst.: Great sword |     1 |     5 |       ||     6
       Falchion          |       |     4 |    15 ||    19
